% Time on Ice - PORTLAND PIRATES
Lines # - Real PCT - Wanted PCT - Time Play
Normal Forward
1 - 30% - 32% - 16:05
2 - 30% - 31% - 16:05
3 - 27% - 30% - 14:23
4 - 12% - 7% - 6:33
Normal Defense
1 - 34% - 33% - 18:05
2 - 33% - 33% - 17:21
3 - 28% - 28% - 15:01
4 - 5% - 6% - 2:39
PP Forward
1 - 55% - 60% - 1:05
2 - 45% - 40% - 0:54
PP Defense
1 - 55% - 60% - 1:05
2 - 45% - 40% - 0:54
PK Forward
1 - 76% - 60% - 1:31
2 - 24% - 40% - 0:28
PK Defense
1 - 50% - 60% - 1:00
2 - 50% - 40% - 0:59
PK3 Forward
1 - 0% - 60%
2 - 0% - 40%
PK3 Defense
1 - 0% - 60%
2 - 0% - 40%
44 Forward
1 - 84% - 60% - 1:40
2 - 16% - 40% - 0:19
44 Defense
1 - 29% - 60% - 0:35
2 - 71% - 40% - 1:24
Last Minute Offensive  - 0:00
Last Minute Defensive  - 0:57
Total
Forward - 60:00
Defense - 60:00
% Time on Ice - SEATTLE GRUNGE
Lines # - Real PCT - Wanted PCT - Time Play
Normal Forward
1 - 35% - 37% - 18:35
2 - 33% - 33% - 17:28
3 - 24% - 25% - 12:34
4 - 8% - 5% - 4:29
Normal Defense
1 - 38% - 40% - 19:57
2 - 37% - 39% - 19:32
3 - 25% - 21% - 13:32
4 - 0% - 0% - 0:05
PP Forward
1 - 37% - 55% - 0:44
2 - 63% - 45% - 1:15
PP Defense
1 - 37% - 55% - 0:44
2 - 63% - 45% - 1:15
PK Forward
1 - 79% - 55% - 1:34
2 - 21% - 45% - 0:25
PK Defense
1 - 61% - 55% - 1:12
2 - 39% - 45% - 0:47
PK3 Forward
1 - 0% - 55%
2 - 0% - 45%
PK3 Defense
1 - 0% - 55%
2 - 0% - 45%
44 Forward
1 - 76% - 55% - 1:30
2 - 24% - 45% - 0:29
44 Defense
1 - 52% - 55% - 1:02
2 - 48% - 45% - 0:57
Last Minute Offensive  - 0:57
Last Minute Defensive  - 0:00
Total
Forward - 60:00
Defense - 60:00
Play-by-Play 1st period 0:01 of 1st period - Jonathan Toews wins face-off versus Tyler Seguin in neutral zone. 0:09 of 1st period - Icing by Roman Josi. 0:10 of 1st period - Pavel Zacha wins face-off versus Tyler Seguin in SEATTLE GRUNGE zone. 0:11 of 1st period - Shot by Robert Thomas. 0:11 of 1st period - Deflect By Rickard Rakell. 0:11 of 1st period - Shot Misses the Net. 1:19 of 1st period - Shot by Thomas Chabot. 1:19 of 1st period - Shot Misses the Net. 1:23 of 1st period - Shot by Chandler Stephenson. 1:23 of 1st period - Stopped by Semyon Varlamov with a rebound. 1:25 of 1st period - Shot by Chandler Stephenson. 1:25 of 1st period - Deflect By Brett Connolly. 1:25 of 1st period - Shot Misses the Net. 1:27 of 1st period - Shot by Yanni Gourde. 1:27 of 1st period - Shot Misses the Net. 1:33 of 1st period - Shot by Brett Connolly. 1:33 of 1st period - Shot Misses the Net. 1:35 of 1st period - Shot by Thomas Chabot. 1:35 of 1st period - Goal by Thomas Chabot - PORTLAND PIRATES : 1 - SEATTLE GRUNGE : 0. 1:36 of 1st period - Chris Tierney wins face-off versus Jonathan Toews in neutral zone. 1:40 of 1st period - Wayne Simmonds is hit by Rasmus Ristolainen and loses puck. 1:49 of 1st period - Shot by Jonathan Toews. 1:49 of 1st period - Stopped by Semyon Varlamov without a rebound. 1:50 of 1st period - Brian Boyle wins face-off versus Jason Dickinson in SEATTLE GRUNGE zone. 1:50 of 1st period - Brian Boyle is hit by Adam Erne. 2:18 of 1st period - Shot by Brian Boyle. 2:18 of 1st period - Stopped by Chris Driedger without a rebound. 2:19 of 1st period - Jonathan Toews wins face-off versus Chris Tierney in PORTLAND PIRATES zone. 2:28 of 1st period - Shot by Travis Konecny. 2:28 of 1st period - Shot Blocked by Josh Bailey. 2:58 of 1st period - Shot by Josh Bailey. 2:58 of 1st period - Shot Blocked by Thomas Chabot. 3:26 of 1st period - Shot by Brett Connolly. 3:26 of 1st period - Stopped by Semyon Varlamov without a rebound. 3:27 of 1st period - Brian Boyle wins face-off versus Robert Thomas in SEATTLE GRUNGE zone. 3:54 of 1st period - Shot by Carl Hagelin. 3:54 of 1st period - Shot Misses the Net. 3:56 of 1st period - Shot by Slater Koekkoek. 3:56 of 1st period - Shot Blocked by Rasmus Ristolainen. 4:28 of 1st period - Marcus Sorensen is hit by Rasmus Ristolainen and loses puck. 5:37 of 1st period - Icing by Damon Severson. 5:38 of 1st period - Jason Spezza wins face-off versus Jonathan Toews in SEATTLE GRUNGE zone. 6:00 of 1st period - Travis Konecny is hit by Travis Sanheim and loses puck. 6:19 of 1st period - Icing by David Savard. 6:20 of 1st period - Jason Dickinson wins face-off versus Chris Tierney in SEATTLE GRUNGE zone. 6:20 of 1st period - Ryan Donato is hit by Travis Sanheim. 6:36 of 1st period - Shot by Adam Erne. 6:36 of 1st period - Shot Misses the Net. 6:38 of 1st period - Shot by Travis Hamonic. 6:38 of 1st period - Shot Misses the Net. 6:40 of 1st period - Shot by Jason Dickinson. 6:40 of 1st period - Shot Misses the Net. 7:12 of 1st period - Off-side. 7:13 of 1st period - Tyler Seguin wins face-off versus Yanni Gourde in neutral zone. 7:25 of 1st period - Tyler Seguin is hit by Rasmus Ristolainen and loses puck. 7:39 of 1st period - Chandler Stephenson is hit by Slater Koekkoek and loses puck. 7:43 of 1st period - Chandler Stephenson is hit by Matthew Grzelcyk. 8:17 of 1st period - Shot by Vladislav Namestnikov. 8:17 of 1st period - Stopped by Chris Driedger with a rebound. 8:19 of 1st period - Shot by Vladislav Namestnikov. 8:19 of 1st period - Stopped by Chris Driedger without a rebound. 8:20 of 1st period - Jonathan Toews wins face-off versus Brian Boyle in PORTLAND PIRATES zone. 8:24 of 1st period - Off-side. 8:25 of 1st period - Brian Boyle wins face-off versus Pavel Zacha in neutral zone. 8:34 of 1st period - Shot by Vladislav Namestnikov. 8:34 of 1st period - Stopped by Chris Driedger without a rebound. 8:35 of 1st period - Chris Tierney wins face-off versus Jonathan Toews in PORTLAND PIRATES zone. 9:50 of 1st period - Shot by Rickard Rakell. 9:50 of 1st period - Shot Misses the Net. 10:16 of 1st period - Shot by Rickard Rakell. 10:16 of 1st period - Stopped by Semyon Varlamov with a rebound. 10:38 of 1st period - Shot by Brett Connolly. 10:38 of 1st period - Shot Misses the Net. 10:40 of 1st period - Shot by Chandler Stephenson. 10:40 of 1st period - Stopped by Semyon Varlamov without a rebound. 10:41 of 1st period - Jason Dickinson wins face-off versus Vladislav Namestnikov in SEATTLE GRUNGE zone. 11:04 of 1st period - Icing by Travis Sanheim. 11:05 of 1st period - Jonathan Toews wins face-off versus Brian Boyle in SEATTLE GRUNGE zone. 11:10 of 1st period - Shot by Jonathan Toews. 11:10 of 1st period - Shot Blocked by Travis Sanheim. 11:28 of 1st period - Shot by Travis Konecny. 11:28 of 1st period - Goal by Travis Konecny - PORTLAND PIRATES : 2 - SEATTLE GRUNGE : 0. 11:29 of 1st period - Pavel Zacha wins face-off versus Chris Tierney in neutral zone. 11:35 of 1st period - Brett Pesce is hit by Slater Koekkoek. 11:49 of 1st period - Shot by Pavel Zacha. 11:49 of 1st period - Shot Misses the Net. 11:51 of 1st period - Shot by Brett Pesce. 11:51 of 1st period - Shot Misses the Net. 12:10 of 1st period - Icing by Robert Thomas. 12:11 of 1st period - Tyler Seguin wins face-off versus Pavel Zacha in PORTLAND PIRATES zone. 12:13 of 1st period - Jake Guentzel is hit by Rasmus Ristolainen and loses puck. 12:20 of 1st period - Brett Pesce is hit by Jake Guentzel and loses puck. 12:24 of 1st period - Icing by Rickard Rakell. 12:25 of 1st period - Brian Boyle wins face-off versus Pavel Zacha in PORTLAND PIRATES zone. 12:25 of 1st period - Carl Hagelin is hit by Rasmus Ristolainen and loses puck. 12:46 of 1st period - Shot by Vladislav Namestnikov. 12:46 of 1st period - Shot Misses the Net. 12:54 of 1st period - Shot by Vladislav Namestnikov. 12:54 of 1st period - Deflect By Brian Boyle. 12:54 of 1st period - Stopped by Chris Driedger without a rebound. 12:55 of 1st period - Tyler Seguin wins face-off versus Travis Konecny in PORTLAND PIRATES zone. 13:22 of 1st period - Shot by Mike Hoffman. 13:22 of 1st period - Goal by Mike Hoffman - PORTLAND PIRATES : 2 - SEATTLE GRUNGE : 1. 13:23 of 1st period - Chris Tierney wins face-off versus Yanni Gourde in neutral zone. 14:02 of 1st period - David Savard is hit by Chandler Stephenson and loses puck. 14:50 of 1st period - Shot by Tyler Seguin. 14:50 of 1st period - Shot Blocked by Brett Pesce. 14:52 of 1st period - Shot by Jake Guentzel. 14:52 of 1st period - Deflect By Mike Hoffman. 14:52 of 1st period - Shot Misses the Net. 14:54 of 1st period - Shot by Jake Guentzel. 14:54 of 1st period - Stopped by Chris Driedger without a rebound. 14:55 of 1st period - Brian Boyle wins face-off versus Robert Thomas in PORTLAND PIRATES zone. 14:55 of 1st period - Brian Boyle is hit by Alec Martinez. 15:32 of 1st period - Shot by Vladislav Namestnikov. 15:32 of 1st period - Shot Misses the Net. 15:38 of 1st period - Travis Hamonic is hit by Vladislav Namestnikov and loses puck. 16:05 of 1st period - Shot by Jake Guentzel. 16:05 of 1st period - Stopped by Chris Driedger without a rebound. 16:06 of 1st period - Yanni Gourde wins face-off versus Chris Tierney in PORTLAND PIRATES zone. 16:06 of 1st period - Yanni Gourde is hit by Wayne Simmonds. 16:14 of 1st period - Shot by Brett Connolly. 16:14 of 1st period - Stopped by Semyon Varlamov without a rebound. 16:15 of 1st period - Tyler Seguin wins face-off versus Jonathan Toews in SEATTLE GRUNGE zone. 16:15 of 1st period - Tyler Seguin is hit by Gabriel Landeskog. 16:29 of 1st period - Shot by Gabriel Landeskog. 16:29 of 1st period - Stopped by Semyon Varlamov without a rebound. 16:30 of 1st period - Yanni Gourde wins face-off versus Chris Tierney in SEATTLE GRUNGE zone. 16:37 of 1st period - Shot by Rasmus Ristolainen. 16:37 of 1st period - Stopped by Semyon Varlamov without a rebound. 16:38 of 1st period - Tyler Seguin wins face-off versus Yanni Gourde in SEATTLE GRUNGE zone. 16:47 of 1st period - Shot by Mike Hoffman. 16:47 of 1st period - Shot Blocked by Brett Pesce. 16:52 of 1st period - Icing by Brett Connolly. 16:53 of 1st period - Brian Boyle wins face-off versus Yanni Gourde in PORTLAND PIRATES zone. 17:00 of 1st period - Shot by David Savard. 17:00 of 1st period - Shot Blocked by Rasmus Ristolainen. 17:20 of 1st period - Shot by Chandler Stephenson. 17:20 of 1st period - Stopped by Semyon Varlamov without a rebound. 17:21 of 1st period - Jonathan Toews wins face-off versus Tyler Seguin in SEATTLE GRUNGE zone. 17:50 of 1st period - Shot by Tyler Seguin. 17:50 of 1st period - Shot Misses the Net. 17:52 of 1st period - Shot by Damon Severson. 17:52 of 1st period - Goal by Damon Severson - PORTLAND PIRATES : 2 - SEATTLE GRUNGE : 2. 17:53 of 1st period - Pavel Zacha wins face-off versus Chris Tierney in neutral zone. 18:26 of 1st period - Shot by Robert Thomas. 18:26 of 1st period - Shot Blocked by David Savard. 18:35 of 1st period - Icing by David Savard. 18:36 of 1st period - Jonathan Toews wins face-off versus Chris Tierney in SEATTLE GRUNGE zone. 18:49 of 1st period - Shot by Travis Konecny. 18:49 of 1st period - Stopped by Semyon Varlamov without a rebound. 18:50 of 1st period - Tyler Seguin wins face-off versus Yanni Gourde in SEATTLE GRUNGE zone. 18:59 of 1st period - Shot by Jake Guentzel. 18:59 of 1st period - Shot Hit the Post. 19:01 of 1st period - Shot by Jake Guentzel. 19:01 of 1st period - Shot Blocked by Travis Hamonic. 19:11 of 1st period - Shot by Tyler Seguin. 19:11 of 1st period - Stopped by Chris Driedger without a rebound. 19:12 of 1st period - Brian Boyle wins face-off versus Jonathan Toews in PORTLAND PIRATES zone. 19:42 of 1st period - Minor Penalty to Slater Koekkoek for Hooking. 19:42 of 1st period - Minor Penalty to Gabriel Landeskog for Goalie Interference. 19:43 of 1st period - Tyler Seguin wins face-off versus Jonathan Toews in SEATTLE GRUNGE zone. 19:54 of 1st period - Jake Guentzel is hit by Brett Connolly and loses puck. Goals for this period are 2 for PORTLAND PIRATES vs 2 for SEATTLE GRUNGE. Shots for this period are 12 for PORTLAND PIRATES vs 10 for SEATTLE GRUNGE. 2nd period 0:01 of 2nd period - Jake Guentzel wins face-off versus Jonathan Toews in neutral zone. 0:15 of 2nd period - Shot by Jake Guentzel. 0:15 of 2nd period - Stopped by Chris Driedger without a rebound. 0:16 of 2nd period - Jonathan Toews wins face-off versus Jake Guentzel in PORTLAND PIRATES zone. 0:51 of 2nd period - Shot by Jake Guentzel. 0:51 of 2nd period - Shot Blocked by Brett Pesce. 3:17 of 2nd period - Icing by Chris Tierney. 3:18 of 2nd period - Chris Tierney wins face-off versus Jonathan Toews in SEATTLE GRUNGE zone. 3:18 of 2nd period - Chris Tierney is hit by Gabriel Landeskog. 3:23 of 2nd period - Icing by Wayne Simmonds. 3:24 of 2nd period - Jonathan Toews wins face-off versus Chris Tierney in SEATTLE GRUNGE zone. 3:25 of 2nd period - Shot by Gabriel Landeskog. 3:25 of 2nd period - Deflect By Jonathan Toews. 3:25 of 2nd period - Shot Misses the Net. 3:41 of 2nd period - Shot by Roman Josi. 3:41 of 2nd period - Stopped by Chris Driedger without a rebound. 3:42 of 2nd period - Tyler Seguin wins face-off versus Yanni Gourde in PORTLAND PIRATES zone. 3:43 of 2nd period - Shot by Jake Guentzel. 3:43 of 2nd period - Shot Misses the Net. 3:46 of 2nd period - Icing by Thomas Chabot. 3:47 of 2nd period - Tyler Seguin wins face-off versus Yanni Gourde in PORTLAND PIRATES zone. 4:04 of 2nd period - Shot by Tyler Seguin. 4:04 of 2nd period - Shot Misses the Net. 4:06 of 2nd period - Shot by Jake Guentzel. 4:06 of 2nd period - Stopped by Chris Driedger without a rebound. 4:07 of 2nd period - Jonathan Toews wins face-off versus Josh Bailey in PORTLAND PIRATES zone. 4:20 of 2nd period - Icing by Wayne Simmonds. 4:21 of 2nd period - Brett Connolly wins face-off versus Chris Tierney in SEATTLE GRUNGE zone. 4:21 of 2nd period - Brett Connolly is hit by Roman Josi. 4:41 of 2nd period - Shot by Chris Tierney. 4:41 of 2nd period - Shot Misses the Net. 4:44 of 2nd period - Icing by Rasmus Ristolainen. 4:45 of 2nd period - Tyler Seguin wins face-off versus Yanni Gourde in PORTLAND PIRATES zone. 6:32 of 2nd period - Thomas Chabot is hit by Wayne Simmonds and loses puck. 6:42 of 2nd period - Icing by Thomas Chabot. 6:43 of 2nd period - Pavel Zacha wins face-off versus Brian Boyle in PORTLAND PIRATES zone. 7:36 of 2nd period - Yanni Gourde is hit by Vladislav Namestnikov and loses puck. 8:54 of 2nd period - Shot by Gabriel